 Dungeon Crawl Stone Soup version 0.18.1-8-gdd0e5ea (webtiles) character file.

438 MARSONE the Shield-Bearer (level 7, -2/44 HPs)
             Began as a Gargoyle Fighter on June 2, 2016.
             Was a Follower of Trog.
             Killed from afar by an orc wizard (11 damage)
             ... with a puff of flame
             ... on level 4 of the Dungeon.
             The game lasted 00:19:06 (4290 turns).

MARSONE the Shield-Bearer (Gargoyle Fighter)        Turns: 4290, Time: 00:19:07

Health: -2/44      AC: 15    Str: 21 (22) XL:     7   Next: 1%
Magic:  7/7        EV:  6    Int:  9 (11) God:    Trog [*.....]
Gold:   85         SH: 10    Dex:  9      Spells: 0 memorised, 6 levels left

rFire  . . .     SeeInvis .     a - +0 flail
rCold  . . .     Gourm    .     r - +0 chain mail
rNeg   + . .     Faith    .     c - +0 shield
rPois  ∞         Spirit   .     i - +0 helmet
rElec  +         Dismiss  .     (no cloak)
rCorr  .         Reflect  .     (no gloves)
SustAt .         Harm     .     (no boots)
MR     .....                    (no amulet)
Stlth  ..........               u - +3 ring of intelligence
                                g - ring of poison resistance

@: flying, not resistant to hostile enchantments, extremely unstealthy
A: negative energy resistance 1, electricity resistance, unbreathing,
petrification resistance, rot immunity, AC +4
a: Berserk, Burn Spellbooks, Renounce Religion


You were on level 4 of the Dungeon.
You worshipped Trog.
Trog was aware of your devotion.
You were not hungry.

You visited 1 branch of the dungeon, and saw 4 of its levels.

You collected 85 gold pieces.

Inventory:

Hand Weapons
 a - a +0 flail (weapon)
Missiles
 t - 2 throwing nets (quivered)
Armour
 b - a +0 scale mail
 c - a +0 shield (worn)
 i - a +0 helmet (worn)
 r - a +0 chain mail (worn)
Jewellery
 g - a ring of poison resistance (left hand)
 j - an uncursed ring of stealth
 u - a +3 ring of intelligence (right hand)
Wands
 l - a wand of digging (17/24)
 m - a wand of confusion (18/48)
Scrolls
 p - 2 scrolls of remove curse
 q - a scroll of noise {unknown}
 s - a scroll of identify
Potions
 d - a potion of curing
 k - 2 potions of degeneration
Comestibles
 f - 3 bread rations
 h - a slice of pizza
 n - a meat ration


   Skills:
 + Level 4.6 Fighting
 + Level 3.2 Maces & Flails
 + Level 5.0 Armour
 - Level 0.5 Dodging
 + Level 5.8 Shields


You had 6 spell levels left.
You didn't know any spells.

Dungeon Overview and Level Annotations

Branches:
Dungeon (4/15)
 Temple: D:4-7

Altars:
Elyvilon
Makhleb
Nemelex Xobeh
Okawaru
Pakellas
Qazlal
Ru
Trog
Yredelemnul


Innate Abilities, Weirdness & Mutations

You are resistant to torment.
Your stone body is resilient (AC +4).
You are immune to poison.
You resist negative energy.
You are resistant to electric shocks.
You can survive without breathing.
You are immune to petrification.
You are immune to rotting.


Message History

Beogh smites you!
* * * LOW HITPOINT WARNING * * *
The orc priest miscasts a cantrip.
It was a potion of curing.
You feel better.
The orc priest hits you but does no damage.
It was a potion of flight.
You feel very buoyant.
You fly up into the air.
You block the orc priest's attack.
The orc priest looks braver for a moment.
The orc priest looks braver for a moment.
The orc priest casts a cantrip, but nothing happens.
There is an open door here.
The orc priest mumbles some strange prayers to Beogh against you.
Pain shoots through your body!
* * * LOW HITPOINT WARNING * * *
The orc wizard points at you and mumbles some strange words.
The puff of flame hits you! The orc wizard casts a spell at you.
The puff of flame hits you!
You die...

#.......'.....'.......+
#.##....#######oo.....#
#.##....#.............#
#.##....#....o...######
#.##....#........#
#.#######........# #.#
#........# ####### #.#
#........###...).# #
#.#######..@.....##......###
#.....).........###......'.'
###############.# #..)...###
#.####.....# # #..........#
# #..........# #
#......###.# # #..........#
# #..........# #


You could see an orc priest, an orc wizard and an orc.

Vanquished Creatures
  An orc priest (D:4)
  A hound (D:4)
  2 orc wizards (D:4)
  2 worker ants (D:4)
  8 gnolls
  8 adders
  An ooze (D:1)
  An adder skeleton (D:4)
  4 worms (D:3)
  A dart slug (D:1)
  3 giant geckos (D:3)
  11 orcs
  3 ball pythons
  2 giant cockroaches
  9 hobgoblins
  4 jackals (D:4)
  A quokka (D:2)
  8 bats
  5 giant newts
  6 goblins
  11 kobolds
  24 rats
116 creatures vanquished.

Notes
Turn   | Place    | Note
--------------------------------------------------------------
     0 | D:1      | MARSONE the Gargoyle Fighter began the quest for the Orb.
     0 | D:1      | Reached XP level 1. HP: 14/14 MP: 1/1
    42 | D:1      | Reached XP level 2. HP: 17/19 MP: 2/2
   283 | D:1      | Reached XP level 3. HP: 23/23 MP: 3/3
  1143 | D:2      | Reached XP level 4. HP: 29/29 MP: 4/4
  1987 | D:3      | Reached XP level 5. HP: 25/33 MP: 5/5
  2849 | D:4      | Found an oddly glowing altar of Pakellas.
  2849 | D:4      | Found a white marble altar of Elyvilon.
  2849 | D:4      | Found a sparkling altar of Nemelex Xobeh.
  2849 | D:4      | Found a bloodstained altar of Trog.
  2849 | D:4      | Found a basalt altar of Yredelemnul.
  2865 | D:4      | Reached skill level 5 in Shields
  2865 | D:4      | Reached XP level 6. HP: 8/39 MP: 6/6
  2899 | D:4      | Became a worshipper of Trog the Wrathful
  3916 | D:4      | Reached * piety under Trog
  3916 | D:4      | Reached skill level 5 in Armour
  3938 | D:4      | Reached XP level 7. HP: 43/44 MP: 7/7
  4214 | D:4      | Found a stormy altar of Qazlal.
  4216 | D:4      | Found a sacrificial altar of Ru.
  4218 | D:4      | Found a burning altar of Makhleb.
  4248 | D:4      | Found an iron altar of Okawaru.
  4290 | D:4      | Killed from afar by an orc wizard

Skill      XL: |  1  2  3  4  5  6 |
---------------+-------------------+-----
Shields        | 4 5 |  5.8
Fighting       | 4 |  4.6
Armour         | 4 5 |  5.0
Maces & Flails | 3 |  3.2
Dodging        | |  0.5

Action                   |  1- 3 |  4- 6 |  7- 9 || total
-------------------------+-------+-------+-------++-------
Melee: Flail             |   126 |   456 |    21 ||   603
  Use: Scroll            |       |     6 |     1 ||     7
       Potion            |       |     3 |     2 ||     5
  Eat: Chunk             |     1 |     8 |       ||     9
       Bread ration      |       |     1 |       ||     1
Armor: Scale mail        |    62 |    37 |       ||    99
       Chain mail        |       |   220 |     9 ||   229
Dodge: Dodged            |    27 |   116 |     3 ||   146
Block: Shield            |    70 |   251 |     6 ||   327
